 Dungeon Crawl Stone Soup version 0.21-a0-531-gacddea6 (webtiles) character file.

2 Amnesiac the Vexing (level 1, -1/19 HPs)
             Began as an Ogre Arcane Marksman on Dec 12, 2017.
             Slain by a goblin
             ... wielding a +0 club
              (6 damage)
             ... on level 1 of the Dungeon.
             The game lasted 00:00:43 (118 turns).

Amnesiac the Vexing (Ogre Arcane Marksman)           Turns: 118, Time: 00:00:44

Health: -1/19      AC:  3    Str: 13    XL:     1   Next: 30%
Magic:  0/2        EV: 10    Int: 14    God:
Gold:   19         SH:  0    Dex:  9    Spells: 1/2 levels left

rFire    . . .     SeeInvis .   i - +0 club
rCold    . . .     Gourm    .   (no shield)
rNeg     . . .     Faith    .   a - +0 robe
rPois    .         Spirit   .   (helmet restricted)
rElec    .         Reflect  .   (no cloak)
rCorr    .         Harm     .   (gloves unavailable)
MR       .....                  (boots unavailable)
Stlth    +.........             (no amulet)
HPRegen  0.06/turn              (no ring)
MPRegen  0.08/turn              (no ring)

@: no status effects
A: large, unfitting armour, tough skin 1
a: no special abilities


You were on level 1 of the Dungeon.
You were not hungry.

You visited 1 branch of the dungeon, and saw 1 of its levels.

You collected 19 gold pieces.

Inventory:

Hand Weapons
 i - a +0 club (weapon)
Missiles
 c - 4 large rocks (quivered)
 d - 2 throwing nets
 e - 25 sling bullets
 h - 16 stones
Armour
 a - a +0 robe (worn)
Potions
 g - a potion of flight {!q, unknown}
Books
 b - a book of Debilitation

   Spells                             Type                      Level
   a - Corona                         Hexes                        1
   b - Slow                           Hexes                        2
   c - Inner Flame                    Hexes/Fire                   3
   d - Portal Projectile              Hexes/Translocation          3
   e - Cause Fear                     Hexes                        4
   f - Leda's Liquefaction            Hexes/Earth                  4
Comestibles
 f - a bread ration


   Skills:
 + Level 1.4 Fighting
 * Level 2.0 Throwing
 - Level 1.7 Dodging
 + Level 1.2 Spellcasting
 * Level 2.7 Hexes


You had one spell level left.
You knew the following spells:

 Your Spells              Type           Power        Failure   Level  Hunger
a - Corona                Hex            #......      9%          1    ##.....


Dungeon Overview and Level Annotations

Branches:
Dungeon (1/15)

Altars:


Innate Abilities, Weirdness & Mutations

You are too large for most types of armour.
You have tough skin. (AC +1)


Message History

Confirm with . or Enter, or press ? or * to list all spells.
Aiming: Corona
Press: ? - help, Shift-Dir - straight line, f/p - giant cockroach
Aim: a giant cockroach (chance to defeat MR: 61%)
The giant cockroach is outlined in light.
The giant cockroach closely misses you.
The frilled lizard bites the fungus.
The goblin hits the fungus with a club.
Wield which item (- for none, * to show all)? (? for menu, Esc to quit)
i - a +0 club (weapon)
The giant cockroach bites you but does no damage.
You hit the giant cockroach.
The giant cockroach is heavily wounded.
The frilled lizard bites the fungus.
The giant cockroach closely misses you.
The goblin hits the fungus with a club.
The frilled lizard bites the fungus.
The giant cockroach completely misses you.
You hit the giant cockroach.
The giant cockroach is almost dead.
The goblin hits the fungus with a club.
The giant cockroach barely misses you.
The frilled lizard bites the fungus.
You hit the giant cockroach.
You kill the giant cockroach!
The goblin barely misses you.
Casting: Corona
Confirm with . or Enter, or press ? or * to list all spells.
Aiming: Corona
Press: ? - help, Shift-Dir - straight line, f - goblin
Aim: a goblin, wielding a club (chance to defeat MR: 61%)
The goblin is outlined in light.
The frilled lizard bites the fungus.
The goblin hits you but does no damage.
You barely miss the goblin.
The frilled lizard bites the fungus.
The goblin hits you with a club.
* * * LOW HITPOINT WARNING * * *
You barely miss the goblin.
The frilled lizard bites the fungus.
The goblin misses you.
The frilled lizard completely misses the fungus.
You closely miss the goblin. The goblin barely misses you.
The frilled lizard bites the fungus but does no damage.
You hit the goblin but do no damage. The goblin hits you but does no damage.
The frilled lizard bites the fungus but does no damage.
You hit the goblin.
The goblin is moderately wounded.
The goblin hits you with a club.
* * * LOW HITPOINT WARNING * * *
The frilled lizard bites the fungus.
The frilled lizard bites the fungus but does no damage.
The goblin hits you but does no damage.
You barely miss the goblin.
The goblin is moderately wounded.
The frilled lizard bites the fungus but does no damage.
The goblin hits you with a club.
* * * LOW HITPOINT WARNING * * *
You hit the goblin but do no damage.
The goblin is moderately wounded.
The goblin stops glowing.
The frilled lizard bites the fungus.
The goblin hits you with a club.
* * * LOW HITPOINT WARNING * * *
Casting: Corona
Confirm with . or Enter, or press ? or * to list all spells.
Aiming: Corona
Press: ? - help, Shift-Dir - straight line, f/p - goblin
Aim: a goblin, wielding a club (moderately wounded, chance to defeat MR: 61%)
The goblin is outlined in light.
The frilled lizard bites the fungus.
The goblin hits you with a club.
You die...

♣♣♣♣♣♣♣♣♣..
♣PP..PP..♣
..♣PP..P...♣
..♣..PP...P♣..
..♣..P.<.PP♣..
#.♣PP...P..♣..
#.♣P..lPP..♣..
##.♣...Pg.PP♣..
#..♣..PP@.PP♣..
#...♣♣♣♣♣♣♣♣♣..##
##..............†#
..#....###########.#
#.# #..........l.#
#..# #.#
#.##########.# #.##
#.# # #.# #..#
#.#### #.# ##.##
#.##.. #l# #..#
#.##.$


You could see a goblin and a frilled lizard.

Vanquished Creatures
  A giant cockroach (D:1)
  A rat (D:1)
2 creatures vanquished.

Notes
Turn   | Place    | Note
-------+----------+-------------------------------------------
     0 | D:1      | Amnesiac the Ogre Arcane Marksman began the quest for the Orb.
     0 | D:1      | Reached XP level 1. HP: 19/19 MP: 2/2
   118 | D:1      | Slain by a goblin

Vault maps used:
D:1:      scummos_arrival_checkerplants

Action                   || total
-------------------------++-------
Melee: Unarmed           ||    11
       Club              ||    10
 Cast: Corona            ||     6
Armor: Robe              ||    10
Dodge: Dodged            ||    19

Table legend:
 A = Spawn XP
 B = Non-spawn XP
 C = Spawn XP percentage of total XP
 D = Spawn monster count
 E = Non-spawn monster count
 F = Spawn count percentage of total count
 G = Total turns spent on level
                    A         B        C        D         E        F      G
               +---------+---------+-------+---------+---------+-------+---------
         Total |       0 |       3 |   0.0 |       0 |       2 |   0.0 |   118
               +---------+---------+-------+---------+---------+-------+---------
           D:1 |       0 |       3 |   0.0 |       0 |       2 |   0.0 |   118
               +---------+---------+-------+---------+---------+-------+---------
